 Dungeon Crawl Stone Soup version 0.28-a0-687-gb91baff9cc (webtiles) character file.

Game seed: 11244395334504797571

244556 lawman0 the Palentonga Blade (level 19, -6/174 (178) HPs)
             Began as a Palentonga Berserker on Oct 19, 2021.
             Was a High Priest of Trog.
             Shot with a bolt by a yaktaur captain (15 damage)
             ... on level 3 of the Vaults.
             The game lasted 01:38:08 (42758 turns).

lawman0 the Palentonga Blade (PaBe)                Turns: 42758, Time: 01:38:08

HP:   -6/174 (178)  AC: 40    Str: 26    XL:     19   Next: 15%
MP:   19/19         EV:  7    Int: 15    God:    Trog [*****.]
Gold: 917           SH:  5    Dex: 19    Spells: 18/18 levels left

rFire   + . .      SeeInvis +   a - +9 triple sword (vorpal)
rCold   . . .      Faith    .   (shield currently unavailable)
rNeg    + . .      Spirit   .   f - +3 plate armour "Gabb" {rPois Dex+4}
rPois   +          Reflect  +   D - +2 helmet
rElec   .          Harm     .   d - scarf {repulsion}
rCorr   +          Rampage  .   T - +1 pair of gloves "Veipo" {Str+3}
Will    +....                   n - +4 barding {rF+}
Stlth   ..........              q - amulet of the Pharaoh's Fist {Reflect +Inv rCorr SH+5}
HPRegen 0.39/turn               w - ring of flight
MPRegen 0.16/turn               i - ring "Wugur" {rN+ Int+6 Dex+3 SInv}

@: flying, lightly drained, repel missiles, curled up
A: large, rugged brown scales 3, see invisible, deformed body, roll 2, armoured
tail, reflexive curl, passive freeze, weak 1
}: 1/15 runes: barnacled
a: Rolling Charge, Renounce Religion, Evoke Invisibility, Berserk, Trog's Hand,
Brothers in Arms


You were on level 3 of the Vaults.
You worshipped Trog.
Trog was extremely pleased with you.
You visited 6 branches of the dungeon, and saw 34 of its levels.
You visited 2 bazaars.
You also visited: Gauntlet.

You collected 4279 gold pieces.
You spent 3362 gold pieces at shops.

Inventory:

Hand Weapons
 a - a +9 vorpal triple sword (weapon)
 b - a +2 vorpal longbow
 N - the +3 great sword of Judgement {flame, rF+++ rC++ Will- Stlth+}
   (Trog gifted it to you on level 2 of the Orcish Mines)

   It burns those it strikes, dealing additional fire damage.
   Big, fiery blades are also staple armaments of hydra-hunters.
   rF:        It renders you almost immune to fire.
   rC:        It greatly protects you from cold.
   Will:      It decreases your willpower.
   Stlth:     It makes you more stealthy.
Missiles
 e - 7 boomerangs of dispersal
 t - 747 arrows
 z - 5 throwing nets
 B - 5 curare-tipped darts
Armour
 d - a scarf of repulsion (worn)
 f - the +3 plate armour "Gabb" (worn) {rPois Dex+4}
   (You bought it in a shop in a bazaar)

   Dex:       It affects your dexterity (+4).
   rPois:     It protects you from poison.
 n - a +4 barding of fire resistance (worn)
 D - a +2 helmet (worn)
 T - the +1 pair of gloves "Veipo" (worn) {Str+3}
   (You found it on level 3 of the Lair of Beasts)

   Str:       It affects your strength (+3).
Jewellery
 i - the ring "Wugur" (right hand) {rN+ Int+6 Dex+3 SInv}
   (You found it on level 4 of the Shoals)

   [ring of intelligence]

   Int:       It affects your intelligence (+6).
   Dex:       It affects your dexterity (+3).
   rN:        It protects you from negative energy.
   SInv:      It lets you see invisible.
 q - the amulet of the Pharaoh's Fist (around neck) {Reflect +Inv rCorr SH+5}
   (You found it on level 13 of the Dungeon)

   [amulet of reflection]

   It reflects blocked missile attacks.
   +Inv:      It lets you turn invisible.
   rCorr:     It protects you from acid and corrosion.
   SH:        It affects your SH (+5).
 w - a ring of flight (left hand)
Wands
 k - a wand of flame (30)
 m - a wand of mindburst (24)
 p - a wand of paralysis (29)
 F - a wand of iceblast (31)
 G - a wand of acid (12)
 I - a wand of charming (14)
 K - a wand of digging (4)
 O - a wand of polymorph (10)
Scrolls
 j - 9 scrolls of identify
 o - a scroll of teleportation
 u - 4 scrolls of immolation
 v - 3 scrolls of fog
 x - 2 scrolls of fear
 A - a scroll of summoning
Potions
 c - 5 potions of magic
 g - 18 potions of curing
 h - 4 potions of haste
 r - 4 potions of lignification
 E - 4 potions of ambrosia
 H - 3 potions of invisibility
 L - a potion of cancellation
 M - 4 potions of might
 P - 5 potions of heal wounds
 S - 3 potions of attraction
Miscellaneous
 s - a lightning rod (4/4)
 y - a tin of tremorstones (2/2)
 J - a condenser vane
 R - a box of beasts
 W - a phial of floods
 X - a phantom mirror
 Y - a piece from Xom's chessboard (15/15)


   Skills:
 + Level 19.5 Fighting
 - Level 22.3 Long Blades
 + Level 12.5 Bows
 + Level 13.4 Armour
 * Level 7.4 Dodging
 + Level 3.3 Stealth
 - Level 1.0 Shields
 + Level 4.4 Evocations


You had 18 spell levels left.
You didn't know any spells.
Your spell library was empty.

Dungeon Overview and Level Annotations

Branches:
Dungeon (15/15)            Temple (0/1) D:6            Lair (6/6) D:11
 Shoals (4/4) Lair:4        Snake (4/4) Lair:3        Slime (0/5) Lair:6
    Orc (2/2) D:9             Elf (0/3) Orc:2        Vaults (3/5) D:14
  Crypt (0/3) Vaults:2     Depths (0/4) D:15        Gauntlet (visited)

Altars:
Dithmenos
Elyvilon
Fedhas
Okawaru
Ru
Sif Muna
Uskayaw
Vehumet
Wu Jian
Xom
Yredelemnul
Beogh

Shops:
Orc:2 [([!   Snake:1 ::((   Vaults:3 =

Portals:
Trove: D:14 (show slimy rune of Zot)

Annotations:
D:2 1 runed translucent door, Crazy Yiuf
D:15 exclusion: downstairs
Snake:4 2 exclusions


Innate Abilities, Weirdness & Mutations

You are completely covered in rugged brown scales. (AC +3, +7% HP)
You have supernaturally acute eyesight. (SInv)
Armour fits poorly on your strangely shaped body.
You can roll at foes to attack.
You have a long armoured tail.
You curl defensively after being hit.
A frigid envelope surrounds you and freezes all who hurt you.
You are weak. (Str -2)


Message History

You suddenly lose the ability to move!
The great orb of eyes gazes at you. You resist with significant effort.
The tengu reaver shouts!
You hear a shout!
The tengu reaver hits you from afar with a +2 glaive of flaming!
The tengu reaver burns you.
A deep elf death mage comes into view.
It is wielding a +2 long sword of draining.
You can move again.
Unknown command.
Unknown command.
Really fly into that teleport trap?
You enter a teleport trap!
The teleport trap disappears.
Your surroundings seem slightly different.
The tengu reaver points at you and mumbles some strange words.
The bolt of acid hits you. You resist. The acid corrodes you!
There is an open door here.
The tengu reaver gestures at you while chanting.
The bolt of lightning hits you!!!
You hear two shouts!
You reach down and close the door.
Okay, then.
A tengu reaver opens the door.
The tengu reaver casts a spell at you. The bolt of negative energy hits you!
You partially resist.
You feel drained.
There is an open door here.
As you read the scroll of fear, it crumbles to dust.
You assume a fearsome visage.
The tengu reaver looks frightened! x2
You reach down and close the door.
You are no longer corroded.
A yaktaur captain breaks down the door.
The tengu reaver points at you and mumbles some strange words.
The bolt of lightning hits you!! As you open the door, it creaks loudly!
The tengu reaver casts a spell at you. The bolt of lightning hits you!!!
* * * LOW HITPOINT WARNING * * *
The yaktaur captain wields a +0 arbalest.
The yaktaur captain shoots a bolt.
The bolt closely misses you.
The yaktaur captain shoots a bolt.
The bolt hits you!
You die...

....#.....#.....#
Q...#Q....ec....#
...cc.....#G....#
....#######Q....#
....#...........########
....#######.....#.......
#####.....#)....#.......
?...#.....')....#.......
<...'.....#.....@.......
....#.....#.....#.......
....#############.......
....# ####### ....#
'#### ....#### ....#..#
##'##.)#


You could see a tengu reaver, a yaktaur captain, a deep elf death mage and a
great orb of eyes.

Vanquished Creatures
  Nikola (Shoals:3)
  A sphinx (Vaults:3)
  Donald (Vaults:1)
  Gastronok (Lair:3)
  Roxanne (Shoals:3)
  A nagaraja (Snake:3)
  An orc warlord (Vaults:1)
  2 vault wardens (Vaults:1)
  A caustic shrike zombie (D:15)
  7 ironbound preservers
  5 very ugly things (Vaults:2)
  An entropy weaver (Vaults:1)
  A vampire knight (Vaults:2)
  5 dire elephants
  3 merfolk javelineers
  A minotaur (Gauntlet)
  A deep elf death mage (Vaults:2)
  13 merfolk impalers
  A jiangshi (Vaults:2)
  2 salamander tyrants (Snake:3)
  The ghost of miscthings the Basher, a journeyman NaFi of Cheibriados (D:10)
  A great orb of eyes (Vaults:2)
  4 ironbound thunderhulks
  5 yaktaur captains
  3 vault guards
  10 naga warriors
  9 hydras
  Erolcha (D:11)
  9 centaur warriors
  5 boulder beetles
  2 merfolk avatars
  6 anacondas
  3 ogre magi (D:15)
  A catoblepas (D:13)
  4 ironbound frosthearts
  5 merfolk aquamancers
  2 satyrs
  6 death yaks (Lair:5)
  16 two-headed ogres
  7 naga sharpshooters
  6 shock serpents
  5 orc high priests (Orc:2)
  Urug (Lair:5)
  Nergalle (Lair:2)
  A skeletal warrior (D:15)
  A salamander mystic (Snake:4)
  14 sea snakes
  3 wizards
  17 deep trolls
  2 naga ritualists
  A necromancer (Vaults:1)
  7 ironbound convokers
  6 orc knights
  8 mana vipers
  Pikel (D:5)
  3 lindwurms (Vaults:1)
  A deep elf pyromancer (D:15)
  8 fauns
  22 ugly things
  2 orc sorcerers
  18 harpies
  12 salamanders
  A worldbinder (Gauntlet)
  6 cyclopes
  A moth of wrath (Gauntlet)
  12 manticores
  28 elephants
  25 black mambas
  7 merfolk sirens
  10 vault sentinels
  7 naga magi
  8 water nymphs
  25 cane toads
  A gargoyle (D:13)
  2 rime drakes
  10 komodo dragons
  A tengu conjurer (D:13)
  Psyche (D:12)
  An efreet (D:15)
  12 yaktaurs
  A freezing wraith (Vaults:2)
  A guardian mummy (D:15)
  8 trolls
  A polar bear (Lair:4)
  3 meliai (D:15)
  25 merfolk
  9 wind drakes
  Grinder (D:3)
  15 blink frogs
  Prince Ribbit (D:5)
  13 slime creatures
  11 snapping turtles
  11 dream sheep
  A meliai zombie (D:11)
  2 shadows (D:11)
  Sigmund (D:2)
  2 redbacks (Vaults:1)
  A wraith (D:6)
  28 yaks
  13 water elementals
  Grum (D:11)
  9 basilisks
  4 steam dragons
  7 wyverns
  2 hogs (D:13)
  9 vampire mosquitoes
  An elf skeleton (Vaults:1)
  A warg (Orc:1)
  39 nagas
  Edmund (D:6)
  17 water moccasins
  2 acid dragons
  An ice beast (D:5)
  3 sky beasts
  A black bear (Lair:1)
  A necrophage (D:7)
  25 orc warriors
  2 human zombies (Vaults:1)
  7 ogres
  A boggart (Gauntlet)
  8 centaurs
  A lemure (D:5)
  52 wolves
  A human skeleton (Vaults:1)
  3 kobold brigands
  4 bullfrogs
  3 gnoll sergeants
  4 scorpions
  3 killer bees (D:7)
  9 wights
  A howler monkey (D:14)
  3 electric eels (Snake:1)
  2 centaur zombies
  2 centaur skeletons (D:7)
  A bullfrog zombie (D:6)
  3 jellies
  18 orc priests
  2 hounds (D:5)
  A gnoll shaman (D:9)
  Jessica (D:3)
  2 iguanas
  Ijyb (D:5)
  19 orc wizards
  A statue (D:11)
  A killer bee zombie (D:8)
  A hound zombie (D:5)
  4 howler monkey zombies
  Robin (D:3)
  3 adders
  23 gnolls
  A white imp (D:7)
  66 orcs
  5 ball pythons
  4 endoplasms
  10 hobgoblins
  5 jackals
  5 quokkas
  5 bats
  2 frilled lizards
  16 goblins
  21 kobolds
  A butterfly (Lair:4)
1049 creatures vanquished.

Vanquished Creatures (collateral kills)
  Mlioglotl (Shoals:4)
  Polyphemus (Shoals:3)
  Frances (D:13)
  Kirke (D:13)
  Snorg (D:11)
  A merfolk javelineer (Shoals:4)
  A catoblepas (Shoals:3)
  An alligator snapping turtle (Shoals:3)
  A merfolk aquamancer (Shoals:4)
  2 death yaks (Shoals:3)
  A skeletal warrior (D:13)
  A sea snake (Shoals:4)
  5 orc knights
  A cyclops (D:13)
  A centaur zombie (D:11)
  2 merfolk (Shoals:3)
  4 slime creatures (D:13)
  A hog (D:13)
  A wraith (D:13)
  8 orc warriors
  A killer bee (D:7)
  6 orc priests (Orc:2)
  10 orcs
53 creatures vanquished.

Vanquished Creatures (others)
  A merfolk avatar (Shoals:2)
  A flayed ghost (D:15)
  A spriggan zombie (D:15)
  A snapping turtle (Shoals:2)
  4 humans (D:13)
  A water elemental (Shoals:2)
  A meliai simulacrum (D:15)
  A killer bee (D:7)
  17 demonic plants (Gauntlet)
  45 fungi
  95 plants
  10 withered plants
178 creatures vanquished.

Grand Total: 1280 creatures vanquished

Notes
Turn   | Place    | Note
-------+----------+-------------------------------------------
     0 | D:1      | lawman0 the Palentonga Berserker began the quest for the
                  | Orb.
     0 | D:1      | Reached XP level 1. HP: 19/19 MP: 1/1
    64 | D:1      | Found a faded altar of an unknown god.
   446 | D:1      | Reached XP level 2. HP: 24/25 MP: 2/2
  1204 | D:2      | Found a runed translucent door.
  1205 | D:2      | Noticed Crazy Yiuf
  1508 | D:2      | Noticed Sigmund
  1521 | D:2      | Reached ** piety under Trog
  1522 | D:2      | Reached XP level 3. HP: 17/31 MP: 3/3
  1527 | D:2      | Killed Sigmund
  1528 | D:2      | Reached skill level 4 in Long Blades
  1528 | D:2      | Reached XP level 4. HP: 5/39 MP: 4/4
  1528 | D:2      | Reached XP level 5. HP: 5/44 MP: 5/5
  1530 | D:2      | Gained mutation: Your magical capacity is low. (-10% MP)
                  | [potion of mutation]
  1530 | D:2      | Gained mutation: You have hidden genetic potential. [potion
                  | of mutation]
  1533 | D:2      | Lost mutation: Your magical capacity is low. (-10% MP)
                  | [potion of mutation]
  1533 | D:2      | Lost mutation: You have hidden genetic potential. [potion
                  | of mutation]
  1533 | D:2      | Gained mutation: You can roll at foes to attack. [potion of
                  | mutation]
  1533 | D:2      | Gained mutation: You can roll a great distance at foes to
                  | attack. [potion of mutation]
  1536 | D:2      | lol?
  2029 | D:2      | Reached skill level 5 in Long Blades
  2345 | D:3      | Noticed Grinder
  2399 | D:3      | Killed Grinder
  2400 | D:3      | Reached XP level 6. HP: 28/51 MP: 6/6
  2901 | D:3      | Reached skill level 6 in Long Blades
  3264 | D:3      | Gained mutation: You curl defensively after being hit.
                  | [Palentonga growth]
  3264 | D:3      | Reached XP level 7. HP: 57/57 MP: 7/7
  3379 | D:3      | Noticed Robin
  3386 | D:3      | Noticed Jessica
  3390 | D:3      | Killed Robin
  3411 | D:3      | Killed Jessica
  3411 | D:3      | Reached *** piety under Trog
  3907 | D:4      | Reached skill level 1 in Stealth
  4089 | D:4      | Found a shimmering altar of Xom.
  4614 | D:4      | Reached skill level 7 in Long Blades
  4933 | D:4      | Found a shimmering blue altar of Sif Muna.
  4933 | D:4      | Found an ornate altar of the Wu Jian Council.
  4943 | D:5      | Entered Level 5 of the Dungeon
  4993 | D:5      | Identified a scroll of acquirement
  4994 | D:5      | lol
  4994 | D:5      | Acquired a +1 barding of fire resistance
  5001 | D:5      | \o
  5145 | D:5      | Reached XP level 8. HP: 55/65 MP: 8/8
  5464 | D:5      | Reached skill level 8 in Long Blades
  5555 | D:5      | Noticed Pikel
  5568 | D:5      | Killed Pikel
  5569 | D:5      | Reached skill level 5 in Fighting
  5569 | D:5      | Reached skill level 9 in Long Blades
  5675 | D:5      | Noticed Prince Ribbit
  5693 | D:5      | Killed Prince Ribbit
  5939 | D:5      | Reached XP level 9. HP: 56/72 MP: 9/9
  6290 | D:5      | Found a sacrificial altar of Ru.
  6455 | D:5      | Noticed Ijyb
  6462 | D:5      | Killed Ijyb
  6474 | D:5      | Lost mutation: You can roll a great distance at foes to
                  | attack. [potion of mutation]
  6474 | D:5      | Gained mutation: A frigid envelope surrounds you and
                  | freezes all who hurt you. [potion of mutation]
  6562 | D:6      | Reached **** piety under Trog
  6697 | D:6      | Found a staircase to the Ecumenical Temple.
  6780 | D:6      | Noticed Edmund
  6789 | D:6      | Killed Edmund
  6790 | D:6      | Reached skill level 10 in Long Blades
  7379 | D:7      | Reached skill level 5 in Armour
  7781 | D:7      | Reached skill level 1 in Bows
  7861 | D:7      | Reached skill level 11 in Long Blades
  8248 | D:7      | Reached XP level 10. HP: 68/81 MP: 10/10
  9098 | D:8      | Found a hide-covered altar of Uskayaw.
  9834 | D:9      | Noticed a manticore
  9843 | D:9      | Killed a manticore
  9957 | D:9      | Found a runed translucent door.
 10010 | D:9      | Reached ***** piety under Trog
 10044 | D:9      | Found a staircase to the Orcish Mines.
 10108 | D:9      | Found a shadowy altar of Dithmenos.
 10335 | D:9      | Identified the +0 leather armour of the Pit {rC- Will+
                  | rCorr Int+3}
 10567 | D:9      | Noticed an orc knight
 10610 | D:9      | Killed an orc knight
 10896 | D:10     | Entered Level 10 of the Dungeon
 10924 | D:10     | Reached skill level 12 in Long Blades
 11147 | D:10     | Found a blossoming altar of Fedhas.
 11272 | D:10     | Found a runed translucent door.
 11275 | D:10     | Noticed miscthings's ghost (journeyman NaFi)
 11434 | D:10     | Found a basalt altar of Yredelemnul.
 11445 | D:10     | Noticed a two-headed ogre
 11454 | D:10     | Killed a two-headed ogre
 11535 | D:10     | Reached XP level 11. HP: 89/89 MP: 11/11
 11677 | D:10     | Killed miscthings's ghost
 11823 | D:11     | Noticed Grum
 11952 | D:11     | Found a staircase to the Lair.
 11952 | D:11     | Noticed Snorg
 11952 | D:11     | Noticed Erolcha
 11959 | D:11     | Killed Snorg
 11960 | D:11     | Reached skill level 13 in Long Blades
 11960 | D:11     | Reached skill level 1 in Evocations
 11967 | D:11     | Killed Erolcha
 12012 | D:11     | Noticed a boulder beetle
 12040 | D:11     | Found a radiant altar of Vehumet.
 12043 | D:11     | Killed a boulder beetle
 12218 | D:11     | Killed Grum
 12487 | Lair:1   | Entered Level 1 of the Lair of Beasts
 12726 | Lair:1   | Reached skill level 14 in Long Blades
 12821 | Lair:1   | Reached XP level 12. HP: 95/99 MP: 12/12
 13443 | Lair:2   | Noticed Nergalle
 13452 | Lair:2   | Killed Nergalle
 13725 | Lair:2   | Reached skill level 15 in Long Blades
 13727 | Lair:2   | Received a gift from Trog
 14391 | Lair:3   | Noticed a seven-headed hydra
 14393 | Lair:3   | Killed a six-headed hydra
 14466 | Lair:3   | Reached XP level 13. HP: 109/109 MP: 13/13
 14466 | Lair:3   | ased
 14673 | Lair:3   | Found a staircase to the Snake Pit.
 14811 | Lair:3   | Noticed Gastronok
 14815 | Lair:3   | Killed Gastronok
 14816 | Lair:3   | Reached skill level 16 in Long Blades
 14869 | Lair:3   | Identified the +1 pair of gloves "Veipo" {Str+3}
 15314 | Lair:4   | Reached skill level 10 in Fighting
 15407 | Lair:4   | Found a staircase to the Shoals.
 15565 | Lair:5   | Received a gift from Trog
 16096 | Lair:4   | Identified the +1 robe of Fabasamo {rC+ Int+3}
 16224 | Lair:5   | Noticed Urug
 16230 | Lair:5   | Killed Urug
 16252 | Lair:5   | Reached skill level 17 in Long Blades
 16997 | Lair:5   | Acquired a manual of Fighting
 17010 | Lair:5   | Reached XP level 14. HP: 112/118 MP: 14/14
 17289 | Lair:6   | Entered Level 6 of the Lair of Beasts
 17421 | Lair:6   | Reached skill level 18 in Long Blades
 17676 | Lair:6   | Received a gift from Trog
 17904 | Lair:6   | Acquired 1043 gold pieces
 18121 | Lair:6   | Found a staircase to the Slime Pits.
 18229 | Lair:6   | based
 18571 | D:12     | Found an iron altar of Okawaru.
 18693 | D:12     | Noticed Psyche
 18698 | D:12     | Killed Psyche
 18699 | D:12     | Reached skill level 19 in Long Blades
 19138 | D:13     | Found a flickering gateway to a bazaar.
 19185 | Bazaar   | Entered a bazaar
 19185 | Bazaar   | Found Mirexele's Armour Shop.
 19185 | Bazaar   | Found Emokk's Assorted Antiques.
 19201 | Bazaar   | Bought a scroll of identify for 64 gold pieces
 19201 | Bazaar   | Bought a scroll of enchant armour for 240 gold pieces
 19201 | Bazaar   | Bought a scroll of enchant weapon for 240 gold pieces
 19203 | Bazaar   | Found Peojuf's Distillery.
 19250 | Bazaar   | Found Mezus's Magic Scroll Shoppe.
 19271 | Bazaar   | Bought a +0 plate armour of poison resistance for 270 gold
                  | pieces
 19294 | Bazaar   | Bought a black potion for 28 gold pieces
 19311 | Bazaar   | Bought a potion of curing for 42 gold pieces
 19311 | Bazaar   | Bought a potion of haste for 140 gold pieces
 19311 | Bazaar   | Bought a potion of resistance for 140 gold pieces
 19311 | Bazaar   | Bought a potion of curing for 42 gold pieces
 19311 | Bazaar   | Bought a potion of curing for 42 gold pieces
 19311 | Bazaar   | Bought a potion of curing for 42 gold pieces
 19341 | Bazaar   | Bought a scroll of brand weapon for 160 gold pieces
 19341 | Bazaar   | Bought a scroll of identify for 16 gold pieces
 19341 | Bazaar   | Bought a scroll of identify for 16 gold pieces
 19341 | Bazaar   | Bought a scroll of identify for 16 gold pieces
 19341 | Bazaar   | Bought a scroll of teleportation for 24 gold pieces
 19372 | Bazaar   | Bought a potion of mutation for 112 gold pieces
 19372 | Bazaar   | Bought a potion of lignification for 42 gold pieces
 19474 | D:13     | You are sucked into a shaft and drop 2 floors!
 19474 | D:15     | Entered Level 15 of the Dungeon
 19690 | D:14     | Found a portal to a secret trove of treasure.
 19718 | D:14     | Reached skill level 10 in Armour
 19757 | D:14     | Found a gate leading to a gauntlet.
 19770 | Gauntlet | Entered a Gauntlet
 19770 | Gauntlet | Found a transporter.
 19778 | Gauntlet | Found a transporter.
 19780 | Gauntlet | Found a transporter.
 19782 | Gauntlet | Found a transporter.
 19799 | Gauntlet | Found a transporter.
 19815 | Gauntlet | Found a transporter.
 19821 | Gauntlet | Found a transporter.
 19849 | Gauntlet | Found a transporter.
 19858 | Gauntlet | Found a transporter.
 19859 | Gauntlet | Noticed a balrug
 19870 | Gauntlet | Found a transporter.
 19888 | Gauntlet | Found a transporter.
 19904 | Gauntlet | Found a transporter.
 19917 | Gauntlet | Found a transporter.
 19917 | Gauntlet | Found a transporter.
 19919 | Gauntlet | Found a transporter.
 19944 | Gauntlet | Found a transporter.
 19961 | Gauntlet | Found a transporter.
 19980 | Gauntlet | Found a transporter.
 20117 | Gauntlet | Identified the +1 ring mail "Quaroys" {rElec Will+}
 20120 | Gauntlet | Identified the +1 hat of the Clam {+Inv Fly rPois Will-}
 20265 | Gauntlet | Reached XP level 15. HP: 130/130 MP: 15/15
 20303 | Gauntlet | Identified the +0 great mace "Osauhood" {vorpal, rN+ Int-3
                  | Dex+3 SInv}
 20495 | D:14     | damn
 20585 | D:14     | Found a gate to the Vaults.
 21146 | D:15     | Found a white marble altar of Elyvilon.
 21304 | D:15     | Reached skill level 20 in Long Blades
 21306 | D:15     | Reached ****** piety under Trog
 21405 | D:15     | Reached skill level 15 in Fighting
 22072 | D:13     | Noticed Kirke
 22072 | D:13     | Noticed Frances
 22079 | D:13     | Killed Frances
 22086 | D:13     | Killed Kirke
 22248 | D:13     | Identified the amulet of the Pharaoh's Fist {Reflect +Inv
                  | rCorr SH+5}
 22250 | D:13     | based
 22618 | D:13     | Reached XP level 16. HP: 146/148 MP: 16/16
 23056 | Orc:1    | Entered Level 1 of the Orcish Mines
 23064 | Orc:1    | Reached skill level 21 in Long Blades
 23489 | Orc:2    | Entered Level 2 of the Orcish Mines
 23491 | Orc:2    | Identified the +3 great sword of Judgement {flame, rF+++
                  | rC++ Will- Stlth+} (Trog gifted it to you on level 2 of the
                  | Orcish Mines)
 23491 | Orc:2    | Received a gift from Trog
 23581 | Orc:2    | damn
 23582 | Orc:2    | more like sword of resistance
 23594 | Orc:2    | Found a staircase to the Elven Halls.
 24667 | Orc:2    | Found Jagud's Antique Weapon Shoppe.
 24667 | Orc:2    | Found Povown's Armour Shoppe.
 24668 | Orc:2    | Found Woamiregi's Distillery.
 24668 | Orc:2    | Found Halir's Armour Emporium.
 24682 | Orc:2    | Bought a potion of curing for 36 gold pieces
 24682 | Orc:2    | Bought a potion of heal wounds for 60 gold pieces
 24682 | Orc:2    | Bought a potion of haste for 120 gold pieces
 24682 | Orc:2    | Bought a potion of ambrosia for 96 gold pieces
 24682 | Orc:2    | Bought a potion of curing for 36 gold pieces
 24682 | Orc:2    | Bought a potion of curing for 36 gold pieces
 25118 | Snake:1  | Entered Level 1 of the Snake Pit
 25249 | Snake:1  | Received a gift from Trog
 25252 | Snake:1  | >:(
 25860 | Snake:1  | Reached skill level 1 in Shields
 26279 | Snake:1  | Found Garreas's Antique Weapon Shop.
 26279 | Snake:1  | Found Oxtewedu's Book Boutique.
 26280 | Snake:1  | Found Xaask's Weapon Shop.
 26284 | Snake:1  | Found Jic Duph's Book Boutique.
 26888 | Snake:2  | Acquired a manual of Bows
 27585 | Snake:2  | Reached skill level 5 in Bows
 27814 | Snake:3  | Received a gift from Trog
 28581 | Snake:3  | Reached skill level 22 in Long Blades
 28919 | Snake:3  | Reached XP level 17. HP: 158/158 MP: 17/17
 30044 | Snake:4  | Entered Level 4 of the Snake Pit
 30553 | Snake:4  | Identified the +7 scimitar "Poen" {flame, rF+} (Trog gifted
                  | it to you on level 4 of the Snake Pit)
 30553 | Snake:4  | Received a gift from Trog
 31184 | Shoals:1 | Entered Level 1 of the Shoals
 32919 | Shoals:2 | Found a flickering gateway to a bazaar.
 32948 | Bazaar   | Entered a bazaar
 33241 | Bazaar   | Found Givurgh's Weapon Shoppe.
 33241 | Bazaar   | Found Fofo's Antique Armour Emporium.
 33265 | Bazaar   | Found Mathih's Book Emporium.
 33344 | Bazaar   | Bought an emerald-encrusted plate armour for 784 gold
                  | pieces
 33344 | Bazaar   | Identified the +3 plate armour "Gabb" {rPois Dex+4} (You
                  | bought it in a shop in a bazaar)
 33355 | Bazaar   | Bought a dazzling chain mail for 266 gold pieces
 33355 | Bazaar   | Identified the +0 chain mail of Tartarus {Int+3 Dex+3} (You
                  | bought it in a shop in a bazaar)
 33355 | Bazaar   | Bought a smelly scale mail for 252 gold pieces
 33355 | Bazaar   | Identified the +6 scale mail of Creativity {rF+ rN++ rCorr
                  | MP-9} (You bought it in a shop in a bazaar)
 34102 | Shoals:2 | Received a gift from Trog
 35113 | Shoals:3 | Noticed Polyphemus
 35132 | Shoals:3 | Killed Polyphemus
 35426 | Shoals:3 | Noticed Nikola
 35437 | Shoals:3 | Killed Nikola
 35438 | Shoals:3 | Reached skill level 5 in Dodging
 35614 | Shoals:3 | Identified Roxanne's Volume of Earth
 35614 | Shoals:3 | Noticed Roxanne
 35624 | Shoals:3 | Killed Roxanne
 35930 | Shoals:4 | Entered Level 4 of the Shoals
 36337 | Shoals:4 | Identified the +0 chain mail "Noeta" {Dex+5}
 36723 | Shoals:4 | Reached skill level 10 in Bows
 36899 | Shoals:4 | Identified the amulet of Joevul {Acrobat Harm Str-4 Dex+3}
 37098 | Shoals:4 | Acquired the +0 barding of Tish {rF+++ rC- Dex+5}
 37435 | Shoals:4 | Reached XP level 18. HP: 146/167 MP: 18/18
 37485 | Shoals:4 | Identified the ring "Wugur" {rN+ Int+6 Dex+3 SInv}
 37601 | Shoals:4 | Noticed Mlioglotl
 37820 | Shoals:4 | Gained mutation: You are weak. (Str -2) [a neqoxec]
 37822 | Shoals:4 | Killed Mlioglotl
 37860 | Shoals:4 | Got a barnacled rune of Zot
 38974 | Vaults:1 | Entered Level 1 of the Vaults
 39729 | Vaults:1 | Noticed Donald
 39735 | Vaults:1 | Killed Donald
 39776 | Vaults:1 | Received a gift from Trog
 42053 | Vaults:2 | Identified the +5 dagger of Loggowk {drain, rElec rPois rN+
                  | rCorr}
 42092 | Vaults:2 | Reached XP level 19. HP: 150/178 MP: 19/19
 42288 | Vaults:2 | Found a staircase to the Crypt.
 42420 | Vaults:2 | Received a gift from Trog
 42610 | Vaults:2 | You are sucked into a shaft and drop 1 floor!
 42632 | Vaults:3 | Found Eteb's Jewellery Shop.
 42733 | Vaults:3 | Paralysed by a great orb of eyes for 4 turns
 42757 | Vaults:3 | HP: 8/174 [tengu reaver/bolt of lightning (53)]
 42758 | Vaults:3 | Shot with a bolt by a yaktaur captain

Illustrated notes #.. ...... #.. ...... .. .... ...... .#...## ...# ..(...#+## ...... ...# .........###..... ... ..........##...## ... ................ ... #......# #...@†..#...# ... .......# #.......#...######### .......# #.......#............ .......# ###.......#...####..... .......# #........##...# #..... #......# #.........#)..####...†. #.....†# #.........#†..#........ #......####.........#)..#........ #...=...................+........ Turn 1536 on D:2: lol? #......# ##.## #.###### #.# #.# #.# #.# #+## #.# #...# #######.### #..... #.........# #...... #.####....###....... ..........@....... ####....###....... #...#.# #...... #.###># #..... ... ..# #...# ###. ### #+## Turn 4994 on D:5: lol #......# ##.## #.###### #.# #.# #.# #.# #+## #.# #...# #######.### #..... #.........# #...... #.####....###....... ..........@....... ####....###....... #...#.# #...... #.###># #..... ... ..# #...# ###. ### #+## Turn 5001 on D:5: \o ..............†......... .†.......†.......!...... ..............†.†....... ...............†........ .+.#.............†...(.. ..###......#####.P.....# ..##P.....######†#.....# ..####....##...††##..... ..# #.... #....@# ....# ..P #... #............. ## ..#.♣♣......... .#.. .......... ♣.. ........♣.. .. ............ ............. .............. Turn 14466 on Lair:3: ased

###.#..)....P#...##...≈#≈#≈≈≈#⌠
#...........###......≈≈≈≈≈≈#≈#≈
###........####...##..≈≈≈#.≈≈#≈
#..........##....#...##≈#≈#≈#≈
#..........#....##...##≈≈≈≈≈≈≈ ##
##........P.##......≈≈≈≈≈≈≈≈≈≈
.###...................≈≈P≈≈≈≈†≈≈
..................<....≈≈≈≈≈≈≈≈≈≈
....#...........@.......##≈#≈#≈#[
...###........###......≈≈≈.≈≈≈≈#†
..#.#..###P.### ##......≈P≈≈.#≈#.
.###...###########......##.#≈≈.#⌠
.P#......##.##.#........##≈######
..P.....#..#...........≈≈≈≈≈≈≈≈.≈
...............[....(..≈≈≈.P≈≈≈≈≈
.................(.....≈##≈≈#≈..#
#..P...P..#..#........#.≈#≈≈≈#≈≈#


Turn 18229 on Lair:6: based #######.......#..#...#...........
#.......#......#........... #..)....#......#...........
#......##......############ #......#######......#######
#............'..###.#...... #............#..# #.#......
#............#..###.#...... #.........@..#......#......
##+######'####......#...... #..............#...... #........#####.#......
#...u....# #.#...... #.#####..#####.#...... #......u.......#.?....
####+##.......u......# ######......#####'####+#### Turn 20495 on D:14: damn
,,,,,,,,,*,,,**,,,,,*,,,,,* ,,,,,,,,,*##.#**,,,*,*,,,,*
,,,,,,,,,,,...#,*,*.,.#...# ,*,,,,,,,***.$.#*##.,#.)..*
**,,,,,,,,,#[...##[##....#* **,,,,,,,,##.[)...(#.....#
#.......##...}..#.#.#...## #.......#$#...#)..#.#....#
##........##.#..@..#.#....# ##.......##.....}}...#....#####
##.J........(###.#............## .#..Y....####*#.#..............*
CJYuQC.......#.###.#.#...#.....* c..##.§§.###..#* #..........#.**
#####.D.§§...#.*##.........##** ## ##.....................# †##
#........$............# Turn 22250 on D:13: based ##..............
##.........$.....##... #####....................#. .
##.......................... ..##..................#$.......
............................... ..$............................
#.....)..........<..........#.. ##..#.......))))@.....o........
#.##...........)).............. . ..#..#.......................
#.............................. ....##.#....................... ..##
####...................... .# #....................... ##......................
.#.#................## Turn 23581 on Orc:2: damn ##..............
##.........$.....##... #####....................#. .
##.......................... ..##..................#$.......
............................... ..$............................
#.....)..........<..........#.. ##..#.......))))@....o.........
#.##...........)).............. . ..#..#.......................
#.............................. ....##.#....................... ..##
####...................... .# #....................... ##......................
.#.#................## Turn 23582 on Orc:2: more like sword of resistance
≈≈≈≈......##...## .##....N..##)†.# #.......##...# #.......##...# ##.......##...#
.........).°..# ..............# .........°##### .......@..# ......).........
.........####### .........# .........# .........# .........# .........# Turn
25252 on Snake:1: >:(

Levels and vault maps discovered:
D:1:      tarquinn_simple_flora_water_a, layout_loops_corners,
          basic_ecumenical_altar
D:2:      layout_basic, hangedman_abyss_or_decor_lesser_grid, uniq_sigmund,
          uniq_crazy_yiuf_cottage
D:3:      layout_basic, uniq_robin, uniq_grinder, uniq_jessica
D:4:      layout_basic, kennysheep_mini, gammafunk_temple_overflow_wave
D:5:      layout_loops_corners, nicolae_ru_path_of_blood, uniq_ijyb, uniq_pikel,
          uniq_prince_ribbit1
D:6:      kennysheep_big_flooded_room, layout_loops_ring,
          minmay_temple_entry_proselytizer, uniq_edmund
D:7:      layout_cave_pools, grunt_ogre_cave, hangedman_decor_diamond_cutter,
          minmay_misc_feat_tower, item_on_display_a
D:8:      layout_loops_ring, nicolae_uskayaw_dance_hall
D:9:      layout_basic, lemuel_doored_altar, lightli_church_of_beogh
D:10:     layout_grid_maze, fedhas_altar_fruit_tree, yredelemnul_altar_generic,
          hellmonk_ghost_happy_afterlife
D:11:     layout_roguey, lair_entry_dummy, vehumet_statue, uniq_grum,
          uniq_snorg, uniq_erolcha
D:12:     layout_gridville, okawaru_gym_becter, uniq_psyche
D:13:     layout_cave_pods, serial_shops, bzr_entry_islet, minivault_22,
          chequers_serial_rivers_small_a, kennysheep_doodads,
          minmay_the_grid_square_5x5_3x3_mashed
          [minmay_the_grid_square_5x5_two_walls_b,
          minmay_the_grid_square_5x5_two, minmay_the_grid_square_5x5_corner,
          minmay_the_grid_square_5x5_minimal,
          minmay_the_grid_square_5x5_megaprize_crossed,
          minmay_the_grid_square_5x5_inverted_slash,
          minmay_the_grid_square_5x5_six, minmay_the_grid_square_5x5_n,
          minmay_the_grid_square_5x5_forky], uniq_kirke, uniq_frances
D:14:     layout_stronghold, david_vaults_5, nicolae_trove_entry_columns,
          gauntlet_entry_generic, serial_park_tiny_1
D:15:     gammafunk_depths_entry_grave, layout_loops_ring, serial_park_tiny_2,
          small_statue_alley_a, drop_trap, elyvilon_altar_3
Lair:1:   layout_cave_pods, lemuel_fruit_fields, grunt_megastairs_3
Lair:2:   layout_gridlike, minmay_holes, minivault_25, hibernation_bobbens,
          lemuel_fruit_tree, grunt_megastairs_5, uniq_nergalle
Lair:3:   layout_regular_city, minmay_snake_entry_guardpost_small,
          grunt_forest_large_clearings, grunt_megastairs_2, uniq_gastronok
Lair:4:   layout_regular_city, elwin_shoals_entry_rooms, lemuel_fruit_fields
Lair:5:   layout_layer_cave, grunt_megastairs_4, uniq_urug
Lair:6:   gammafunk_lair_ancient_temple, layout_small_grid, slime_dummy
Shoals:1: layout_shoals, st_sunken_huts
Shoals:2: layout_shoals, serial_shops, freezing_bzr,
          nicolae_shoals_arrival_archipelago
Shoals:3: layout_shoals, uniq_nikola, uniq_roxanne, uniq_polyphemus
Shoals:4: shoals_end_simple, layout_shoals, uniq_mlioglotl
Snake:1:  layout_grid_maze, eino_curves_04, serial_bayou_shore_a,
          serial_bayou_shore_b, minmay_shoptagon
Snake:2:  layout_misc_corridors
Snake:3:  layout_layer_cave, st_stairs_11, grunt_megastairs_1
Snake:4:  minmay_snake_end_coiled, layout_misc_corridors, serial_bayou_shore_b
Orc:1:    layout_caves, basic_altar
Orc:2:    st_orc_pillars, layout_caves
Vaults:1: v_pattern_1, grunt_vaults_diagonal, nicolae_vaults_rhombus_5,
          vaults_mumra_minichess, ontoclasm_vaults_shuriken,
          grunt_vaults_twisty, v_misc_9, nicolae_vaults_little_squares_5,
          vaults_room_grunt_arrival_ludios, layout_vaults_big_room, uniq_donald
Vaults:2: minmay_crypt_entry_simple_box, v_misc_4, v_pattern_4,
          hangedman_vaults_pinch, v_rooms_6, v_misc_17, vaults_dpeg_spiral,
          vaults_room_door_ring, nicolae_vaults_ninety_degrees,
          ontoclasm_vaults_decontamination, vaults_room_semicircle,
          vaults_room_semicircle, nicolae_vaults_what_the_h, vaults_room_pool,
          layout_vaults_omnibox
Vaults:3: mu_enter_wizlab_5, st_quartered_hall, v_misc_19,
          ontoclasm_vaults_chip, vaults_room_door_hall,
          vaults_dpeg_encased_lava, vaults_room_pools, v_misc_10, v_misc_8,
          v_misc_12, v_alt_pattern_1, v_pattern_3, grunt_vaults_hallway_short,
          hangedman_vaults_stagger, vaults_room_stairs_pillars,
          layout_vaults_omnicross, serial_shops, nicolae_shop_window_shopping,
          uniq_boris

Skill      XL: |  1  2  3  4  5  6  7  8  9 10 11 12 13 14 15 16 17 18 |
---------------+-------------------------------------------------------+-----
Dodging        | 2 3 4 5 7 |  7.4
Long Blades    | 4 5 6 7 9 11 12 14 15 17 19 20 22 | 22.3
Fighting       | 4 5 6 7 8 9 10 13 16 17 18 19 | 19.5
Armour         | 2 4 5 6 7 8 9 10 11 12 13 | 13.4
Stealth        | 1 2 3 |  3.3
Bows           | 1 3 4 6 10 12 | 12.5
Evocations     | 1 2 3 4 |  4.4
Shields        | 1 |  1.0

Action                   |  1- 3 |  4- 6 |  7- 9 | 10-12 | 13-15 | 16-18 | 19-21 || total
-------------------------+-------+-------+-------+-------+-------+-------+-------++-------
Melee: Falchion          |    92 |    72 |   228 |       |       |       |       ||   392
       Tailslap          |     7 |    11 |    38 |    76 |   124 |   185 |    14 ||   455
       Long sword        |       |       |    42 |   203 |       |       |       ||   245
       Scimitar          |       |       |       |   170 |       |       |       ||   170
       Great sword       |       |       |       |    67 |   334 |       |       ||   401
       Triple sword      |       |       |       |       |   247 |   961 |    60 ||  1268
 Fire: Shortbow          |       |       |    21 |    26 |     8 |       |       ||    55
       Longbow           |       |       |       |       |    12 |   256 |     1 ||   269
Invok: Berserk           |     3 |     7 |    19 |    20 |    17 |    18 |       ||    84
       Brothers in Arms  |       |       |       |     1 |     2 |     7 |       ||    10
       Trog's Hand       |       |       |       |       |     3 |    12 |     2 ||    17
 Abil: Rolling Charge    |     1 |     6 |     8 |    18 |    41 |    71 |     5 ||   150
Evoke: Wand              |       |       |     4 |     9 |    13 |    60 |       ||    86
       Box of beasts     |       |       |       |     1 |       |     1 |       ||     2
       Phial of floods   |       |       |       |       |     2 |     1 |       ||     3
       Piece from Xom's  |       |       |       |       |     1 |       |       ||     1
       Tin of tremorston |       |       |       |       |       |     2 |       ||     2
  Use: Potion            |       |     2 |     1 |       |     2 |     8 |       ||    13
       Scroll            |       |       |     5 |     8 |    36 |    23 |     2 ||    74
 Stab: Paralysed         |       |       |     6 |       |     1 |       |       ||     7
       Sleeping          |       |       |     1 |       |       |       |       ||     1
       Petrified         |       |       |       |       |       |     4 |       ||     4
Armor: Animal skin       |    44 |    18 |    13 |       |       |       |       ||    75
       Chain mail        |       |       |    87 |       |       |       |       ||    87
       Plate armour      |       |       |    27 |   301 |   405 |   613 |    21 ||  1367
Dodge: Dodged            |    39 |    24 |    60 |    83 |   129 |   266 |    15 ||   616
       Repelled          |       |       |       |       |     2 |    18 |       ||    20
Block: Other             |       |       |       |       |     3 |   172 |     6 ||   181
       Reflection        |       |       |       |       |     1 |    24 |       ||    25

Table legend: (Time is in decaauts)
 A = Elapsed time spent in this place.
 B = Non-inter-level travel time spent in this place.
 C = Inter-level travel time spent in this place.
 D = Time resting spent in this place.
 E = Time spent auto-exploring this place.
 F = Levels seen in this place.
 G = Mean time per level.
                   A        B        C        D        E       F      G
               +--------+--------+--------+--------+--------+-----+--------+
         Total |  43031 |  41154 |   1877 |   7391 |  25279 |  37 | 1163.0 |
       Dungeon |  17293 |  16318 |    975 |   2278 |  11157 |  15 | 1152.9 |
          Lair |   6400 |   5972 |    428 |    766 |   3981 |   6 | 1066.7 |
        Shoals |   6730 |   6581 |    149 |   1870 |   3295 |   4 | 1682.5 |
     Snake Pit |   5993 |   5715 |    278 |   1296 |   3464 |   4 | 1498.2 |
  Orcish Mines |   1905 |   1865 |     40 |    283 |   1133 |   2 |  952.5 |
        Vaults |   3452 |   3448 |      4 |    599 |   2150 |   3 | 1150.7 |
        Bazaar |    664 |    664 |      0 |    279 |     98 |   2 |  332.0 |
      Gauntlet |    591 |    591 |      0 |     17 |      0 |   1 |  591.0 |
               +--------+--------+--------+--------+--------+-----+--------+

Top non-repeatable levels by time:
 Snake:3: 2638 daAuts
Shoals:4: 2245 daAuts
Vaults:1: 2193 daAuts
     D:9: 1761 daAuts
 Snake:1: 1731 daAuts
Shoals:3: 1721 daAuts
     D:5: 1669 daAuts
Shoals:1: 1602 daAuts
     D:3: 1517 daAuts
   Orc:2: 1449 daAuts
     D:2: 1381 daAuts
    D:14: 1379 daAuts
  Lair:4: 1281 daAuts
  Lair:5: 1220 daAuts
Shoals:2: 1159 daAuts
